 Dungeon Crawl Stone Soup version 0.31.0-4-g52a2dc7128 (webtiles) character file.

Game seed: 16489371626288007400

17125 Destapler the Fetichist (level 12, -9/98 (101) HPs)
             Began as a White Draconian Artificer on Jan 21, 2024.
             Was a High Priest of Qazlal.
             Mangled by an acid dragon (10 damage)
             ... on level 12 of the Dungeon on Jan 22, 2024.
             The game lasted 00:46:00 (12933 turns).

Destapler the Fetichist (DrAr)                     Turns: 12933, Time: 00:46:01

HP:   -9/98 (101)   AC:  5    Str: 15    XL:     12   Next: 16%
MP:   12/16         EV: 12    Int: 11    God:    Qazlal [*****.]
Gold: 548           SH: 17    Dex: 20    Spells: 11/11 levels left

rFire   + + .        a - +4 dagger (elec)
rCold   + + .        o - +1 kite shield
rNeg    . . .        (body armour unavailable)
rPois   +            (helmet restricted)
rElec   +            N - +0 cloak {Stlth+}
rCorr   +            q - +0 pair of gloves
SInv    .            (no boots)
Will    .....        (no amulet)
Stlth   ++           k - ring of Ciunup {rPois Str-2 Dex+5 Slay+4}
HPRegen 0.36/turn    p - ring of protection from fire
MPRegen 0.15/turn

%: repel missiles
@: resistant, protected from physical damage, corroded, lightly drained
A: breathe frost, AC +8, unfitting armour, cold resistance 1, cold-blooded
a: Breathe Frost, Renounce Religion, Upheaval, Elemental Force, Disaster Area


You were on level 12 of the Dungeon.
You worshipped Qazlal.
Qazlal was extremely pleased with you.
You visited 1 branch of the dungeon, and saw 12 of its levels.
You also visited: Ossuary.

You collected 558 gold pieces.
You spent 10 gold pieces at shops.

Inventory:

Hand Weapons
 a - a +4 dagger of electrocution (weapon)
Missiles
 s - a curare-tipped dart
 y - 2 throwing nets
 A - 7 boomerangs (quivered)
Armour
 o - a +1 kite shield (worn)
 q - a +0 pair of gloves (worn)
 N - a +0 cloak of stealth (worn)
Jewellery
 k - the ring of Ciunup (left hand) {rPois Str-2 Dex+5 Slay+4}
   (You found it on level 2 of the Dungeon)

   [ring of slaying]

   Str-2:     It affects your strength (-2).
   Dex+5:     It affects your dexterity (+5).
   Slay+4:    It affects your accuracy & damage with ranged weapons and melee
   (+4).
   rPois:     It protects you from poison
 p - a ring of protection from fire (right hand)
 z - a ring of positive energy
 I - a ring of flight
Wands
 b - a wand of flame (15)
 c - a wand of charming (19)
 d - a wand of iceblast (4)
 i - a wand of digging (1)
 t - a wand of polymorph (4)
 J - a wand of light (7)
Scrolls
 e - 7 scrolls of fog
 l - a scroll of fear
 m - 3 scrolls of teleportation
 r - a scroll of revelation
 w - 3 scrolls of blinking
 x - 4 scrolls of identify
 D - a scroll of amnesia {unknown}
 H - 2 scrolls of noise
 K - a scroll of brand weapon
 O - a scroll of summoning {unknown}
 P - a scroll of immolation {unknown}
Potions
 f - 4 potions of curing
 g - a potion of heal wounds
 h - 4 potions of enlightenment
 j - 6 potions of attraction
 n - 2 potions of mutation
 u - a potion of haste
 v - 2 potions of berserk rage {unknown}
 C - 2 potions of might
 E - 4 potions of lignification
 F - 4 potions of invisibility {unknown}
 G - 2 potions of cancellation {unknown}
 L - a potion of brilliance {unknown}
 M - a potion of magic {unknown}


   Skills:
 - Level 8.0 Fighting
 - Level 6.0 Short Blades
 - Level 4.0 Dodging
 - Level 5.0 Stealth
 - Level 3.0 Shields
 - Level 6.0 Invocations
 + Level 15.4 Evocations


You had 11 spell levels left.
You didn't know any spells.
Your spell library contained the following spells:

 Spells                   Type           Power      Damage    Failure   Level
 Necrotise                Necr           0%         1d4       73%         1
 Call Imp                 Summ           0%         N/A       86%         2
 Jinxbite                 Hex            0%         N/A       86%         2
 Sublimation of Blood     Necr           0%         N/A       86%         2
 Summon Ice Beast         Ice/Summ       0%         N/A       97%         3
 Vampiric Draining        Necr           0%         2d6       97%         3
 Leda's Liquefaction      Alch/Erth      0%         N/A       100%        4
 Martyr's Knell           Necr/Summ      0%         N/A       100%        4
 Curse of Agony           Necr           0%         N/A       100%        5
 Lee's Rapid Deconstruct  Erth           0%         3d4*      100%        5
 Summon Mana Viper        Hex/Summ       0%         N/A       100%        5
 Yara's Violent Unravell  Hex/Alch       0%         3d3       100%        5
 Bombard                  Conj/Erth      0%         9d1       100%        6
 Enfeeble                 Hex            0%         N/A       100%        7
 Monstrous Menagerie      Summ           0%         N/A       100%        7
 Summon Hydra             Summ           0%         N/A       100%        7


Dungeon Overview and Level Annotations

Branches:
Dungeon (12/15)            Temple (0/1) D:4            Lair (0/5) D:8
    Orc (0/2) D:10        Ossuary (visited)

Altars:
Elyvilon
Gozag
Kikubaaqudgha
Makhleb
Qazlal
Ru
Trog
Uskayaw
Vehumet
Zin

Shops:
D:8 !

Annotations:
D:12 1 transporter


Innate Abilities, Weirdness & Mutations

You can breathe waves of freezing cold which knock back foes.
Your icy white scales are hard. (AC +8)
You cannot fit into any form of body armour.
Your flesh is cold resistant. (rC+)
You are cold-blooded and may be slowed by cold attacks.


Message History

The jelly is moderately wounded.
Unknown command.
You hit the jelly. Lightning courses through the jelly!
Your hands burn!
* * * LOW HITPOINT WARNING * * *
The jelly is almost dead.
The acid dragon spits acid at you. You block the splash of acid.
The jelly misses you. You block the jelly's attack. The acid dragon misses you.
The acid dragon claws you but does no damage.
The acid dragon spits acid at you. The splash of acid hits you! You resist.
* * * LOW HITPOINT WARNING * * *
The acid corrodes you!
You hit the jelly.
You kill the jelly!
Qazlal accepts your kill.
You block the acid dragon's attack. x2; The jelly hits you.
* * * LOW HITPOINT WARNING * * *
You are splashed with acid.
You resist.
* * * LOW HITPOINT WARNING * * *
The acid dragon spits acid at you. The splash of acid hits you! You resist.
* * * LOW HITPOINT WARNING * * *
The acid dragon spits acid at you. The splash of acid hits you! You resist.
* * * LOW HITPOINT WARNING * * *
The acid dragon bites you but does no damage.
The acid dragon claws you.
* * * LOW HITPOINT WARNING * * *
The acid dragon spits acid at you. The splash of acid hits you! You resist.
* * * LOW HITPOINT WARNING * * *
You block the acid dragon's attack.
The acid dragon claws you but does no damage.
Unknown command.
You hit the acid dragon but do no damage.
The acid dragon is almost dead.
The acid dragon spits acid at you. You block the splash of acid.
The acid dragon bites you!
You die...

###### ##....### ###..#....#
#...##.©..# #.##########
#.##°°○☼○°☼# #.##○°○°D°☼#
#.##○○#D#JD# #.##○°.D@○°# ####
#)##○°#D#°○# ...######.##.☼...○○#
##........####○☼°############
##...###.#..°○°....#<......#####
####......#.○°°○.°..#.......##...
....##....#○°°☼○°°○.#.......##...
###.....#.#○○°["$°..#..........<.
##......#..JD©)...#.......##...


You could see 5 acid dragons and a jelly.

Vanquished Creatures
  Kirke (D:12)
  Josephine (D:10)
  Erolcha (D:9)
  4 two-headed ogres
  A death yak (D:8)
  Nergalle (D:12)
  An ugly thing (D:12)
  2 manticores
  2 gargoyles
  3 trolls
  A hornet (D:8)
  2 wyverns
  A vampire (D:12)
  9 wraiths
  3 hogs
  3 humans
  2 wargs
  2 basilisks (D:8)
  5 steam dragons
  2 vampire mosquitoes (D:9)
  An acid dragon (D:12)
  2 water moccasins
  2 orc warriors
  A black bear (D:6)
  A sky beast (D:7)
  5 ice beasts
  4 ogres
  5 centaurs
  A phantom (D:5)
  2 kobold brigands
  2 scorpions
  A bullfrog (D:8)
  7 wights
  9 killer bees
  4 howler monkeys
  2 electric eels (D:8)
  A bombardier beetle (D:5)
  7 centaur zombies (Ossuary)
  2 human zombies (Ossuary)
  14 orc priests
  A hound (D:4)
  Crazy Yiuf (D:3)
  2 gnoll boudas
  3 jellies
  3 sleepcaps
  2 iguanas
  Ijyb (D:3)
  Terence (D:3)
  21 orc wizards
  2 crocodile zombies (Ossuary)
  3 mummies (Ossuary)
  12 gnolls
  3 adders
  A shadow imp (D:7)
  3 white imps
  An ufetubus (D:7)
  4 ribbon worms
  38 orcs
  2 bats
  8 endoplasms
  5 giant cockroaches
  7 goblins
  9 hobgoblins
  3 quokkas
  9 ball pythons
  4 frilled lizards
  16 kobolds
  5 rats
  2 rat zombies (D:7)
292 creatures vanquished.

Vanquished Creatures (collateral kills)
  2 gnolls (D:7)
  An ufetubus (D:7)
  A ball python (D:2)
  A goblin (D:2)
5 creatures vanquished.

Vanquished Creatures (others)
  A human (D:12)
  A centaur (D:6)
  An orc (D:3)
3 creatures vanquished.

Grand Total: 300 creatures vanquished

Notes
Turn   | Place    | Note
-------+----------+-------------------------------------------
     0 | D:1      | Destapler the Draconian Artificer began the quest for the
                  | Orb.
     0 | D:1      | Reached XP level 1. HP: 16/16 MP: 1/1
   161 | D:1      | Reached skill level 1 in Stealth
   179 | D:1      | Reached XP level 2. HP: 24/24 MP: 2/2
   625 | D:1      | Reached XP level 3. HP: 29/29 MP: 3/3
  1318 | D:2      | Identified the ring of Ciunup {rPois Str-2 Dex+5 Slay+4}
  1363 | D:2      | Reached XP level 4. HP: 19/37 MP: 4/4
  1899 | D:2      | Found a white marble altar of Elyvilon.
  2182 | D:3      | Noticed Ijyb
  2198 | D:3      | Killed Ijyb
  2199 | D:3      | Reached skill level 1 in Short Blades
  2199 | D:3      | Reached XP level 5. HP: 36/45 MP: 5/5
  2275 | D:3      | Noticed Terence
  2286 | D:3      | Killed Terence
  2287 | D:3      | Reached skill level 1 in Shields
  2430 | D:3      | Found a runed translucent door.
  2431 | D:3      | Noticed Crazy Yiuf
  2511 | D:3      | Killed Crazy Yiuf
  3004 | D:3      | Reached XP level 6. HP: 51/51 MP: 6/6
  3159 | D:3      | Found a faded altar of an unknown god.
  3159 | D:3      | Found a faded altar of an unknown god.
  3167 | D:3      | Found a bloodstained altar of Trog.
  3187 | D:3      | Found a radiant altar of Vehumet.
  3188 | D:3      | Found an opulent altar of Gozag.
  3198 | D:3      | Prayed at the altar of an unknown god.
  3198 | D:3      | Became a worshipper of Qazlal Stormbringer
  3198 | D:3      | Reached * piety under Qazlal
  3239 | D:4      | Found a staircase to the Ecumenical Temple.
  3293 | D:4      | Found an ancient bone altar of Kikubaaqudgha.
  3293 | D:4      | Found a sacrificial altar of Ru.
  3327 | D:4      | Found a hide-covered altar of Uskayaw.
  3387 | D:4      | Found a glowing silver altar of Zin.
  3926 | D:5      | Entered Level 5 of the Dungeon
  3992 | D:5      | HP: 2/52 [iguana (9)]
  3993 | D:5      | Your scales start taking on an icy white colour.
  3993 | D:5      | Reached XP level 7. HP: 2/58 MP: 7/7
  3993 | D:5      | Gained mutation: Your flesh is cold resistant. (rC+) [White
                  | Draconian growth]
  4067 | D:5      | Reached ** piety under Qazlal
  4209 | D:5      | Reached skill level 4 in Evocations
  4276 | D:5      | Reached skill level 5 in Fighting
  4276 | D:5      | Reached XP level 8. HP: 22/68 MP: 8/8
  4861 | D:6      | Reached skill level 5 in Stealth
  4861 | D:6      | Reached skill level 1 in Invocations
  5396 | D:6      | Reached XP level 9. HP: 79/79 MP: 12/12
  5999 | D:7      | Found a sand-covered staircase.
  6008 | D:7      | Reached *** piety under Qazlal
  6010 | Ossuary  | Entered an ossuary
  6452 | D:7      | Found a burning altar of Makhleb.
  6456 | D:7      | Reached skill level 5 in Invocations
  6456 | D:7      | Reached skill level 5 in Evocations
  6463 | D:7      | Reached skill level 5 in Short Blades
  7095 | D:8      | Noticed a two-headed ogre
  7271 | D:8      | Found Gymoowku's Distillery.
  7302 | D:8      | Bought a potion of degeneration for 10 gold pieces
  7350 | D:8      | Reached skill level 6 in Evocations
  7585 | D:8      | Reached XP level 10. HP: 87/88 MP: 14/14
  7871 | D:8      | Noticed a death yak
  7873 | D:8      | Found a staircase to the Lair.
  7910 | D:8      | Reached skill level 7 in Evocations
  8225 | D:8      | Killed a death yak
  8226 | D:8      | Reached skill level 8 in Evocations
  8428 | D:8      | Reached **** piety under Qazlal
  8686 | D:8      | Reached skill level 9 in Evocations
  8815 | D:9      | Noticed a two-headed ogre
  8827 | D:9      | Killed a two-headed ogre
  8889 | D:9      | Reached skill level 10 in Evocations
  9407 | D:9      | Reached skill level 11 in Evocations
  9494 | D:9      | Noticed Erolcha
  9533 | D:9      | Killed Erolcha
  9534 | D:9      | Reached XP level 11. HP: 56/94 MP: 15/15
  9892 | D:10     | Entered Level 10 of the Dungeon
 10229 | D:10     | Reached ***** piety under Qazlal
 10230 | D:10     | Reached skill level 12 in Evocations
 10271 | D:10     | Found a staircase to the Orcish Mines.
 10427 | D:10     | Noticed a two-headed ogre
 10452 | D:10     | Killed a two-headed ogre
 10573 | D:10     | Noticed Josephine
 10581 | D:10     | Killed Josephine
 10589 | D:10     | Reached skill level 13 in Evocations
 11296 | D:11     | Found a radiant altar of Vehumet.
 11533 | D:12     | Noticed Kirke
 11555 | D:12     | Noticed a purple ugly thing
 11568 | D:12     | Killed a purple ugly thing
 11582 | D:12     | Reached skill level 14 in Evocations
 11599 | D:12     | Noticed a two-headed ogre
 11615 | D:12     | Killed a two-headed ogre
 11860 | D:12     | Found a transporter.
 11864 | D:12     | Noticed a two-headed ogre
 11933 | D:12     | Killed Kirke
 11934 | D:12     | Reached XP level 12. HP: 46/101 MP: 16/16
 11990 | D:12     | Reached skill level 15 in Evocations
 12021 | D:12     | Killed a two-headed ogre
 12453 | D:12     | Noticed Nergalle
 12465 | D:12     | Killed Nergalle
 12700 | D:12     | Found a transporter.
 12932 | D:12     | HP: 1/98 [acid dragon/splash of acid (10)]
 12933 | D:12     | Mangled by an acid dragon

Illustrated notes

Levels and vault maps discovered:
D:1:      kennysheep_arrival_forest, layout_basic, serial_forest,
          infiniplex_forest_fountain, infiniplex_forest_straight_1,
          infiniplex_forest_clump_tiny, infiniplex_forest_end_3,
          infiniplex_forest_clump_C, infiniplex_forest_straight_5,
          infiniplex_forest_lined_4_way, infiniplex_forest_fountain,
          infiniplex_forest_pool
D:2:      cheibrodos_pilgrimage, layout_rooms, basic_altar
D:3:      layout_loops_ring, chequers_temple_overflow_minitemple,
          kennysheep_generic_room_11, uniq_terence, uniq_crazy_yiuf_cottage,
          uniq_ijyb
D:4:      layout_basic, nicolae_overflow_macrodata_refinement,
          minmay_temple_entry_arrows, grunt_decor_junction, minmay_misc_feat_x
D:5:      layout_cave_pools
D:6:      minmay_angry_zag, layout_loops_cross, hangedman_glass_teeth
D:7:      layout_basic, mainiacjoe_overflow_catwalk, enter_ossuary_4
D:8:      minmay_flawed_box, layout_basic, david_lair_generic, serial_shops,
          nicolae_stop_n_shop_1, kennysheep_small_spiral, fungi_pond_lemuel,
          minmay_between
D:9:      layout_roguey, uniq_erolcha
D:10:     layout_basic, erik_orc_4, uniq_josephine
D:11:     layout_rooms, minmay_variable_closet, serial_park_tiny_1,
          nicolae_vehumet_altar_sigil
D:12:     gammafunk_cloud_chamber, layout_rooms, uniq_nergalle, uniq_kirke

Skill      XL: |  1  2  3  4  5  6  7  8  9 10 11 12 |
---------------+-------------------------------------+-----
Stealth        | 1 2 3 4 5 |  5.0
Fighting       | 2 3 5 7 8 |  8.0
Dodging        | 3 4 |  4.0
Short Blades   | 1 2 3 4 6 |  6.0
Shields        | 1 2 3 |  3.0
Evocations     | 4 6 11 14 15 | 15.4
Invocations    | 4 6 |  6.0

Action                     |  1- 3 |  4- 6 |  7- 9 | 10-12 || total
---------------------------+-------+-------+-------+-------++-------
  Melee: Club              |    48 |       |       |       ||    48
         Dagger            |    85 |   183 |   288 |   398 ||   954
         Tailslap          |    13 |    32 |    50 |    83 ||   178
         Punch             |     3 |       |       |       ||     3
  Throw: Boomerang         |       |       |     3 |    27 ||    30
 Invoke: Upheaval          |       |       |       |     1 ||     1
         Elemental Force   |       |       |       |     1 ||     1
Ability: Breathe Frost     |       |       |     6 |    11 ||    17
  Evoke: Wand              |     5 |    20 |     8 |       ||    33
    Use: Scroll            |       |     7 |     9 |       ||    16
         Potion            |       |       |     1 |     8 ||     9
   Stab: Sleeping          |     1 |     4 |       |       ||     5
         Distracted        |       |     1 |       |       ||     1
         Betrayed ally     |       |       |     1 |       ||     1
 Armour: Skin              |    65 |    80 |   129 |   242 ||   516
  Dodge: Dodged            |    77 |    90 |    96 |   133 ||   396
         Repelled          |       |       |       |     6 ||     6
  Block: Kite shield       |       |    85 |   177 |   407 ||   669
